Map: Automaton LE

Players

Vindicta

  • Race: Terran Terran
  • League: Grandmaster
  • Spawn Location: 3:00

Cham - Winner!

  • Race: Zerg Zerg
  • League: Master
  • Spawn Location: 9:00

Event: 2019 WCS Winter Americas

VOD

Have the link to the VOD?

Description

Time

  • Played on: Feb. 2, 2019, 4:30 p.m.
  • Length: 16:23

All games in this series

Show
View Real Time Build Order
Export as new Build Order

Vindicta Terran 

Build Orders: Reaper Expand, Hellion Banshee 

Get SALT Encoding   

  12  0:01  SCV  
  13  0:13  SCV  
  14  0:18  Supply Depot  
  14  0:25  SCV  
  15  0:40  SCV, Barracks  
  16  0:45  Refinery  
  16  0:52  SCV  
  17  1:04  SCV  
  18  1:16  SCV  
  19  1:28  Reaper, Orbital Command  
  20  1:48  Command Center  
  20  1:54  SCV  
  21  1:59  Supply Depot  
  21  2:02  Marine  
  21  2:06  SCV  
  23  2:15  Factory  
  23  2:21  SCV  
  24  2:23  Barracks Reactor  
  24  2:26  Refinery  
  24  2:33  SCV  
  25  2:45  SCV  
  26  2:57  SCV  
  26  3:03  Starport, Orbital Command  
  26  3:08  Hellion x2  
  26  3:11  Barracks Tech Lab  
  30  3:13  SCV  
  31  3:24  Supply Depot  
  31  3:25  SCV  
  32  3:29  SCV, Hellion  
  35  3:35  Hellion  
  35  3:38  SCV  
  38  3:42  SCV  
  38  3:46  Banshee  
  42  3:49  Cloaking Field  
  42  3:51  SCV  
  42  3:54  SCV  
  44  3:56  Barracks Tech Lab  
  44  4:00  Supply Depot  
  44  4:03  SCV  
  44  4:08  Hellion x2  
  49  4:12  SCV  
  49  4:15  SCV, Concussive Shells  
  51  4:24  SCV  
  51  4:26  Supply Depot  
  51  4:27  SCV  
  51  4:29  Banshee  
  56  4:36  SCV  
  56  4:39  SCV  
  57  4:46  Factory Reactor  
  57  4:48  SCV  
  57  4:49  Command Center  
  57  4:52  SCV  
  59  4:56  Supply Depot  
  59  4:57  Barracks  
  59  5:02  Barracks  
  59  5:05  Stimpack  
  59  5:09  SCV, Marine  
  61  5:14  SCV  
  61  5:21  SCV  
  60  5:22  Starport Reactor  
  60  5:25  Engineering Bay  
  60  5:26  Engineering Bay  
  60  5:29  SCV  
  60  5:30  Marine  
  60  5:33  SCV  
  60  5:35  Refinery x2  
  63  5:41  SCV  
  64  5:45  SCV  
  64  5:48  Marine  
  64  5:49  Siege Tank, Marine  
  70  5:53  Terran Infantry Weapons Level 1, SCV  
  70  5:54  Terran Infantry Armor Level 1, Marine  
  72  5:58  Marine x2  
  72  6:01  Orbital Command  
  74  6:05  Medivac, Marine  
  74  6:11  Medivac  
  79  6:12  Marine  
  79  6:13  Marine  
  79  6:15  Marine  
  79  6:16  SCV  
  79  6:17  Marine  
  84  6:23  Marine  
  84  6:25  Orbital Command, Barracks  
  85  6:26  Barracks  
  85  6:29  Siege Tank  
  88  6:35  Supply Depot  
  88  6:38  SCV, Marine  
  90  6:40  Supply Depot  
  90  6:41  Marine  
  90  6:44  SCV  
  92  6:48  Armory  
  92  6:52  Marine  
  93  6:56  SCV x3  
  97  7:01  Siege Tank  
  97  7:08  SCV, Supply Depot, Combat Shield, Marine  
  101  7:10  SCV  
  101  7:11  SCV  
  101  7:12  Marine  
  104  7:15  Barracks Tech Lab, Barracks Reactor  
  104  7:21  SCV  
  63  7:22  Medivac  
  105  7:25  Medivac  
  107  7:30  Marine  
  107  7:31  Supply Depot  
  107  7:32  SCV x2  
  110  7:37  Marine  
  110  7:38  Refinery x2, Marine x2  
  110  7:40  SCV  
  115  7:44  SCV  
  115  7:49  Terran Infantry Weapons Level 2, Terran Infantry Armor Level 2  
  110  7:52  SCV  
  110  7:53  Marine  
  110  7:54  Command Center  
  110  7:55  SCV  
  113  7:58  Supply Depot  
  113  8:02  Marine  
  113  8:03  Marine  
  115  8:06  Marine  
  115  8:11  Medivac x2, Marine  
  115  8:12  Marauder  
  125  8:20  Terran Vehicle Weapons Level 1, Marine x3  
  125  8:21  Supply Depot  
  125  8:26  Marauder, Marine x2  
  118  8:29  Marine  
  118  8:31  Liberator  
  118  8:33  Marauder, Supply Depot  
  121  8:35  Liberator  
  121  8:36  Sensor Tower, Siege Tank  
  121  8:37  Marine  
  125  8:42  Supply Depot  
  130  8:50  Marine  
  130  8:55  Marauder  
  136  8:56  Marine, Supply Depot  
  137  9:04  Marine  
  137  9:06  Ghost Academy  
  137  9:08  SCV, Siege Tank  
  137  9:09  SCV x2  
  142  9:11  Bunker, Marine  
  142  9:15  Marine  
  141  9:18  Liberator  
  141  9:19  Liberator  
  141  9:20  SCV  
  141  9:21  SCV  
  141  9:22  SCV  
  144  9:24  Marine  
  144  9:25  Marine x2  
  147  9:32  SCV  
  147  9:33  SCV  
  147  9:36  Planetary Fortress  
  154  9:40  Marine x2  
  154  9:44  SCV, Ghost  
  158  9:52  Supply Depot  
  160  9:53  Supply Depot  
  160  9:54  Personal Cloaking  
  160  10:05  Refinery  
  160  10:06  Command Center, Marine  
  161  10:07  Refinery  
  161  10:14  Ghost  
  161  10:16  Marine  
  161  10:17  Terran Infantry Weapons Level 3  
  161  10:20  Liberator  
  162  10:24  Terran Infantry Armor Level 3  
  162  10:26  Marine  
  163  10:34  Barracks x2  
  146  10:36  Marine x2  
  146  10:38  Marine x3  
  146  10:39  Terran Ship Weapons Level 1, Marauder  
  154  10:43  Marauder  
  154  10:44  Marine  
  154  10:50  Siege Tank  
  154  10:54  Liberator, Marine  
  154  10:56  Ghost Academy, Marine x2  
  162  10:58  Factory  
  162  11:00  Marauder  
  162  11:02  Marine  
  165  11:05  Marauder  
  165  11:12  Marine  
  165  11:17  Barracks Tech Lab  
  169  11:21  Marauder  
  169  11:22  Liberator  
  171  11:26  Marauder  
  171  11:29  Siege Tank  
  171  11:30  Marine  
  171  11:32  Barracks Tech Lab  
  177  11:33  Barracks Tech Lab  
  177  11:35  Nuke  
  177  11:37  Nuke  
  177  11:38  Ghost Academy  
  180  11:40  Marine  
  180  11:42  Marine x2  
  180  11:43  Marauder  
  180  11:44  Factory Tech Lab  
  180  11:46  Marauder  
  187  11:47  Marauder, Marine  
  190  11:58  Marine  
  190  12:00  Marine x2  
  171  12:01  Siege Tank  
  171  12:04  SCV  
  171  12:05  Ghost x2  
  171  12:06  Marine  
  150  12:08  Marine  
  150  12:12  SCV x2  
  151  12:16  SCV  
  151  12:19  Nuke  
  151  12:20  Ghost  
  150  12:24  SCV  
  150  12:26  Marine x3  
  150  12:28  SCV  
  154  12:33  Ghost, Siege Tank  
  159  12:37  Marine x3  
  159  12:42  SCV  
  159  12:44  Marine x2  
  163  12:47  Refinery  
  165  12:51  SCV, Refinery  
  165  12:52  SCV  
  165  12:55  Supply Depot  
  165  12:58  Supply Depot  
  169  12:59  Ghost  
  169  13:02  Planetary Fortress  
  169  13:03  Ghost  
  168  13:07  Ghost  
  170  13:13  Marine  
  170  13:16  SCV x2, Liberator  
  170  13:18  Liberator  
  170  13:19  Marine  
  162  13:21  Marauder  
  162  13:22  Command Center, Marine  
  167  13:30  Ghost  
  167  13:32  Ghost  
  173  13:36  Marauder, Marine  
  177  13:44  Marauder  
  177  13:46  Marauder, Marine  
  177  13:47  Marine  
  183  13:50  Sensor Tower  
  183  13:54  Siege Tank  
  186  14:00  Siege Tank  
  148  14:11  Marine  
  148  14:12  Marauder  
  148  14:14  SCV  
  120  14:17  Marine  
  120  14:18  Marauder  
  120  14:21  Marine x2  
  120  14:22  Marauder x2, Marine  
  120  14:23  SCV  
  127  14:25  Command Center  
  127  14:29  Nuke, Marine  
  127  14:30  SCV  
  127  14:31  SCV  
  130  14:33  Marauder, Medivac  
  130  14:34  Medivac  
  130  14:35  Marine  
  130  14:36  SCV  
  138  14:38  Marine  
  138  14:40  Marine  
  138  14:41  Marauder  
  138  14:43  Orbital Command, Marine  
  138  14:44  Marine  
  139  14:49  Marine  
  139  14:51  SCV  
  143  14:58  Marauder, Marine  
  146  15:01  Marine  
  146  15:03  Marine  
  139  15:07  Medivac x2  
  139  15:10  Marine  
  143  15:16  Siege Tank  
  143  15:19  Siege Tank  
  145  15:23  Marine x2  
  145  15:24  Refinery  
  149  15:31  Nuke  
  149  15:35  Marine x2  
  149  15:37  Marine  
  149  15:38  Marauder  
  150  15:48  Siege Tank  
  145  15:50  Marine  
  145  15:51  Marauder, Siege Tank  
  145  15:54  Marauder, Marine  
  128  16:00  Marine  
  128  16:01  Marauder  
Show
View Real Time Build Order
Export as new Build Order

Cham Zerg - Winner!

Build Orders: Hatch First 

Get SALT Encoding   

  12  0:00  Drone  
  13  0:08  Drone  
  14  0:18  Overlord  
  14  0:36  Drone x2  
  16  0:49  Hatchery  
  15  0:52  Drone  
  16  1:07  Spawning Pool  
  15  1:12  Extractor, Drone  
  15  1:19  Drone  
  15  1:21  Drone  
  17  1:32  Drone  
  18  1:46  Drone  
  19  1:55  Overlord, Queen  
  19  2:01  Queen  
  21  2:02  Zergling x2  
  21  2:04  Zergling x2  
  25  2:11  Metabolic Boost  
  25  2:14  Drone  
  26  2:18  Drone  
  27  2:23  Drone  
  28  2:30  Queen  
  28  2:36  Queen  
  32  2:45  Drone x2  
  34  2:58  Hatchery  
  33  3:06  Overlord, Drone  
  33  3:07  Drone  
  33  3:12  Drone  
  36  3:21  Overlord  
  36  3:24  Drone x3  
  36  3:25  Drone  
  36  3:26  Drone x2  
  42  3:31  Drone  
  43  3:36  Drone  
  43  3:39  Queen  
  46  3:43  Queen  
  46  3:48  Overlord  
  48  3:52  Drone  
  48  3:54  Zergling x2  
  50  3:56  Zergling x2  
  50  3:57  Zergling x2  
  50  3:58  Overlord  
  52  4:05  Overlord  
  52  4:07  Zergling x4  
  54  4:12  Zergling x2  
  54  4:13  Zergling x4, Drone  
  58  4:18  Drone x4  
  58  4:19  Drone  
  63  4:25  Queen  
  63  4:29  Drone  
  66  4:34  Drone  
  66  4:35  Queen  
  66  4:38  Spore Crawler  
  68  4:39  Spore Crawler  
  68  4:41  Spore Crawler  
  68  4:45  Drone  
  67  4:46  Drone  
  67  4:48  Drone  
  67  4:49  Drone x3  
  72  4:53  Spore Crawler, Drone  
  72  4:55  Drone  
  72  4:58  Drone  
  74  5:07  Overlord x2  
  74  5:08  Lair  
  74  5:11  Extractor  
  74  5:13  Drone, Baneling Nest  
  74  5:14  Drone  
  74  5:16  Overlord  
  74  5:18  Overlord  
  74  5:25  Drone  
  74  5:26  Extractor  
  74  5:28  Drone x5  
  79  5:29  Drone x2  
  79  5:33  Drone x3  
  84  5:36  Drone x2  
  84  5:41  Drone  
  87  5:44  Overlord  
  87  5:50  Extractor, Drone x2  
  87  5:51  Evolution Chamber  
  87  5:52  Evolution Chamber, Extractor  
  85  5:58  Drone x2  
  85  6:04  Overlord  
  87  6:06  Hatchery  
  87  6:10  Drone  
  86  6:14  Drone  
  86  6:17  Drone  
  86  6:18  Drone x2  
  90  6:19  Zerg Ground Armor Level 1  
  90  6:20  Zerg Melee Weapons Level 1  
  90  6:22  Hatchery  
  90  6:25  Overseer  
  89  6:27  Zergling x6  
  89  6:29  Baneling x8  
  92  6:37  Spore Crawler  
  92  6:38  Zergling x4  
  93  6:40  Zergling x4  
  93  6:46  Drone  
  96  6:47  Drone x7  
  96  6:48  Infestation Pit  
  96  6:49  Baneling x3  
  96  6:50  Drone  
  103  6:55  Overlord  
  103  6:58  Overlord x2  
  103  7:00  Overseer  
  103  7:01  Drone  
  103  7:02  Drone x2  
  103  7:05  Zergling x6  
  103  7:06  Baneling  
  108  7:09  Zergling x6  
  108  7:14  Zergling x4  
  113  7:20  Zergling x2  
  113  7:22  Overlord  
  110  7:33  Centrifical Hooks  
  110  7:34  Zergling x2  
  110  7:35  Zergling x24  
  123  7:37  Hive  
  123  7:41  Drone  
  123  7:42  Drone x2  
  126  7:47  Drone x2  
  126  7:48  Drone x4  
  126  7:50  Zergling x8  
  136  7:53  Zergling x2  
  136  7:56  Zergling x2  
  138  8:01  Zergling x2  
  138  8:02  Overlord x3  
  137  8:06  Extractor, Drone  
  137  8:07  Drone x3  
  137  8:11  Extractor x2  
  138  8:17  Zergling x2  
  138  8:18  Zergling x16  
  138  8:19  Zergling x2  
  148  8:20  Zergling x4  
  144  8:27  Baneling  
  144  8:28  Baneling x16  
  144  8:29  Zergling x12  
  150  8:35  Drone x2  
  150  8:36  Zergling x4  
  150  8:40  Zergling x6  
  150  8:41  Zergling x6  
  160  8:42  Baneling  
  160  8:43  Baneling x4  
  158  8:48  Hatchery  
  158  8:54  Adrenal Glands  
  158  8:55  Viper x3  
  163  8:56  Ultralisk Cavern  
  163  9:19  Zerg Ground Armor Level 2  
  163  9:20  Zerg Melee Weapons Level 2  
  163  9:26  Baneling x2  
  163  9:27  Baneling  
  163  9:38  Overlord  
  163  9:42  Chitinous Plating  
  163  9:44  Ultralisk x2  
  175  9:49  Spore Crawler  
  175  9:51  Overlord x2  
  173  10:04  Spore Crawler  
  164  10:23  Spore Crawler  
  161  10:38  Ultralisk  
  161  10:39  Ultralisk x3, Overlord  
  185  10:43  Drone x3, Spire  
  185  10:44  Zergling x14, Spine Crawler  
  185  10:45  Zergling x4  
  195  10:58  Baneling x13  
  195  11:00  Zergling x10  
  195  11:01  Anabolic Synthesis  
  200  11:10  Zergling x2  
  200  11:11  Baneling x5  
  200  11:17  Burrow  
  160  12:05  Corruptor x4  
  160  12:06  Corruptor x5  
  160  12:08  Ultralisk x3  
  172  12:09  Zergling x34  
  172  12:10  Zergling x22  
  196  12:22  Drone x2, Spine Crawler  
  196  12:29  Zerg Flyer Weapons Level 1  
  196  12:35  Extractor, Drone  
  196  12:36  Extractor, Drone x3, Spine Crawler  
  197  12:39  Baneling  
  197  12:40  Baneling x25  
  197  12:42  Spore Crawler  
  196  12:47  Hatchery  
  195  13:04  Zergling x2  
  195  13:05  Zergling x6  
  199  13:07  Baneling x9  
  199  13:08  Baneling x6  
  199  13:09  Baneling  
  199  13:10  Baneling x13  
  199  13:31  Baneling x10  
  199  13:44  Zerg Ground Armor Level 3, Zerg Melee Weapons Level 3  
  199  13:49  Drone  
  200  13:56  Hatchery  
  148  14:23  Ultralisk x4, Zergling x2  
  148  14:24  Zergling x44  
  178  14:33  Ultralisk, Zergling x4  
  178  14:34  Zergling x14  
  191  14:40  Zergling x4  
  193  14:48  Baneling x21  
  193  14:49  Zergling x14  
  200  14:56  Drone x2  
  200  15:05  Baneling x2  
  200  15:06  Baneling x2  
  200  15:07  Overseer  
  200  15:08  Overseer x2  
  200  15:09  Pneumatized Carapace  
Tags
 
Add a new tag
Caveats
  • Supply blocks, unpowered buildings, or Contaminate may cause inaccurate times.
  • Supply counts are checked every 10 seconds.